 Dungeon Crawl Stone Soup version 0.26-a0-227-g1af32d979d (webtiles) character file.

Game seed: 10016907758998471440

1151 MrRokkomies the Chucker (level 8, 0/49 HPs)
             Began as a Kobold Hunter on July 7, 2020.
             Was a Priest of Makhleb.
             Succumbed to a water moccasin's poison
             ... on level 6 of the Dungeon.
             The game lasted 00:13:34 (6137 turns).

MrRokkomies the Chucker (Kobold Hunter)             Turns: 6137, Time: 00:13:34

Health: 0/49       AC: 12    Str:  8 (11) XL:     8   Next: 65%
Magic:  12/12      EV: 15    Int: 10 (12) God:    Makhleb [***...]
Gold:   254        SH:  0    Dex: 18 (20) Spells: 7/7 levels left

rFire    . . .     SeeInvis .   a - +0 short sword
rCold    . . .     Faith    .   (shield restricted)
rNeg     + . .     Spirit   .   z - +0 ring mail {MR+}
rPois    .         Reflect  .   (no helmet)
rElec    .         Harm     +   g - +0 cloak
rCorr    +                      i - +0 pair of gloves
MR       +....                  A - +4 pair of boots of Inaction {Harm +Blink Dex+4}
Stlth    ++........             (no amulet)
HPRegen  0.16/turn              r - ring of resist corrosion
MPRegen  0.13/turn              x - ring of positive energy

@: brilliant, lethally poisoned (0 -> -9)
A: small
a: Minor Destruction, Lesser Servant of Makhleb, Renounce Religion, Evoke Blink


You were on level 6 of the Dungeon.
You worshipped Makhleb.
Makhleb was most pleased with you.
You were not hungry.

You visited 1 branch of the dungeon, and saw 6 of its levels.
You also visited: Sewer.

You collected 254 gold pieces.

Inventory:

Hand Weapons
 a - a +0 short sword (weapon)
Missiles
 c - 6 silver boomerangs
 d - 2 throwing nets
 h - 287 stones (quivered)
Armour
 b - a +0 leather armour
 g - a +0 cloak (worn)
 i - a +0 pair of gloves (worn)
 z - a +0 ring mail of magic resistance (worn)
 A - the +4 pair of boots of Inaction (worn) {Harm +Blink Dex+4}
   (You found it on level 5 of the Dungeon)

   It affects your dexterity (+4).
   It lets you blink.
   It increases damage dealt and taken.
Jewellery
 r - a ring of resist corrosion (left hand)
 x - a ring of positive energy (right hand)
 y - an uncursed amulet of reflection {unknown}
Wands
 C - a wand of disintegration (13)
Scrolls
 m - a scroll of magic mapping
 o - 4 scrolls of teleportation
 u - 4 scrolls of identify
 v - 2 scrolls of blinking {unknown}
 B - a scroll of remove curse
Potions
 e - a potion of mutation
 j - 2 potions of stabbing
 k - a potion of might
 l - a potion of flight {unknown}
 n - 2 potions of heal wounds
 p - a potion of cancellation {unknown}
 q - a potion of experience {unknown}
 s - 2 potions of brilliance
 t - a potion of degeneration
 w - a potion of ambrosia {unknown}
Comestibles
 f - 4 rations


   Skills:
 + Level 5.0 Fighting
 * Level 7.6 Throwing
 + Level 5.2 Dodging
 - Level 2.1 Stealth
 * Level 5.6 Invocations


You had 7 spell levels left.
You didn't know any spells.
Your spell library was empty.

Dungeon Overview and Level Annotations

Branches:
Dungeon (6/15)             Temple (0/1) D:5           Sewer (visited)

Altars:
Ashenzari
Fedhas
Makhleb
Sif Muna


Message History

The water moccasin is heavily wounded.
The water moccasin bites you.
* * * LOW HITPOINT WARNING * * *
You are lethally poisoned!
The water moccasin poisons you!
You miss the water moccasin.
The water moccasin is heavily wounded.
* * * LOW HITPOINT WARNING * * *
You feel sick. The water moccasin bites you.
* * * LOW HITPOINT WARNING * * *
The water moccasin bites you.
* * * LOW HITPOINT WARNING * * *
It was a potion of brilliance.
You feel clever all of a sudden.
* * * LOW HITPOINT WARNING * * *
You feel sick. The water moccasin barely misses you.
It was a potion of degeneration.
There was something very wrong with that liquid.
You feel weakened.
You feel dopey.
You feel clumsy.
You die...

#### ..# ### #.#
#...#.##############
#(..S@.............#
#..(#.############.#
##. #.# #.# # #.#
#.### #.# #.... ..#
#.### ### #.# #.#
#.#


You could see a water moccasin.

Vanquished Creatures
  A water moccasin (D:5)
  Purgy (Sewer)
  A sky beast (D:5)
  An ice beast (D:5)
  2 ogres (D:5)
  A bullfrog (D:6)
  A quasit (D:5)
  2 orc priests (D:5)
  2 centaur skeletons (D:5)
  An orc wizard (D:5)
  An iguana (D:5)
  2 worker ants (D:5)
  A hound skeleton (D:5)
  3 gnolls (D:5)
  11 adders
  A shadow imp (D:5)
  An ufetubus (D:5)
  2 oozes (D:2)
  2 adder skeletons (D:4)
  An adder zombie (D:5)
  A worm (D:2)
  2 dart slugs (D:1)
  6 leopard geckos
  8 orcs
  A ball python (D:3)
  11 giant cockroaches
  9 goblins
  11 hobgoblins
  7 jackals (D:2)
  A quokka (D:2)
  8 bats
  5 frilled lizards
  10 kobolds
  A leopard gecko zombie (D:6)
  A quokka skeleton (D:4)
  6 rats
126 creatures vanquished.

Notes
Turn   | Place    | Note
-------+----------+-------------------------------------------
     0 | D:1      | MrRokkomies the Kobold Hunter began the quest for the Orb.
     0 | D:1      | Reached XP level 1. HP: 12/12 MP: 1/1
   496 | D:1      | Reached XP level 2. HP: 8/18 MP: 2/2
   951 | D:1      | Reached XP level 3. HP: 11/22 MP: 3/3
  1538 | D:2      | Found a faded altar of an unknown god.
  1545 | D:2      | Became a worshipper of Makhleb the Destroyer
  1545 | D:2      | Reached * piety under Makhleb
  1685 | D:2      | Reached XP level 4. HP: 24/28 MP: 4/4
  1794 | D:2      | Found a shimmering blue altar of Sif Muna.
  1802 | D:2      | Reached skill level 5 in Throwing
  1802 | D:2      | Reached skill level 1 in Invocations
  2192 | D:2      | Reached ** piety under Makhleb
  2358 | D:2      | Reached XP level 5. HP: 25/32 MP: 6/6
  3079 | D:3      | Found a burning altar of Makhleb.
  3080 | D:3      | Found a shattered altar of Ashenzari.
  3355 | D:4      | Found a glowing drain.
  3364 | Sewer    | Entered a sewer
  3706 | Sewer    | Noticed Purgy
  3732 | Sewer    | Killed Purgy
  3732 | Sewer    | Reached XP level 6. HP: 18/38 MP: 6/8
  3913 | Sewer    | Reached *** piety under Makhleb
  4439 | D:5      | Entered Level 5 of the Dungeon
  4488 | D:5      | Reached skill level 6 in Throwing
  4772 | D:5      | Found a staircase to the Ecumenical Temple.
  4796 | D:5      | Reached XP level 7. HP: 42/42 MP: 9/9
  5069 | D:5      | Found a blossoming altar of Fedhas.
  5105 | D:5      | Noticed a water moccasin
  5120 | D:5      | Killed a water moccasin
  5120 | D:5      | Reached skill level 7 in Throwing
  5120 | D:5      | Reached XP level 8. HP: 19/48 MP: 11/11
  5125 | D:5      | Got a pair of spiked boots
  5131 | D:5      | Identified the +4 pair of boots of Inaction {Harm +Blink
                  | Dex+4} (You found it on level 5 of the Dungeon)
  5328 | D:5      | Reached skill level 5 in Invocations
  5420 | D:5      | HP: 1/48 [ogre/+0 giant club (30)]
  5424 | D:5      | Reached skill level 5 in Dodging
  5944 | D:6      | Reached skill level 5 in Fighting
  6135 | D:6      | HP: 2/49 [water moccasin (2)]
  6137 | D:6      | Succumbed to a water moccasin's poison

Illustrated notes

Levels and vault maps discovered:
D:1:      giann_bridges, layout_basic
D:2:      layout_loops_ring, overflow_temple_1_default,
          chequers_ecumenical_altar_simple_redux
D:3:      layout_rooms, gammafunk_temple_overflow_statue, first_ration
D:4:      layout_cave_pools, portal_sewer_entry_f
D:5:      layout_basic, kennysheep_mini_moat, minmay_temple_entry_junction_2
D:6:      layout_loops_ring, nicolae_ossuary_entry_monument, uniq_duvessa

Skill      XL: |  1  2  3  4  5  6  7  8 |
---------------+-------------------------+-----
Stealth        | 2 |  2.1
Fighting       | 3 4 5 |  5.0
Throwing       | 5 6 7 |  7.6
Dodging        | 3 4 5 |  5.2
Invocations    | 1 3 4 5 |  5.6

Action                   |  1- 3 |  4- 6 |  7- 9 || total
-------------------------+-------+-------+-------++-------
Melee: Short sword       |    79 |   235 |    77 ||   391
Throw: Boomerang         |    44 |    81 |    86 ||   211
       Stone             |       |       |    23 ||    23
       Throwing net      |       |       |     2 ||     2
  Use: Scroll            |       |     8 |       ||     8
       Potion            |       |     4 |     4 ||     8
 Stab: Sleeping          |     1 |    10 |     2 ||    13
       Invisible         |       |     2 |       ||     2
  Eat: Ration            |     1 |     3 |     1 ||     5
Armor: Leather armour    |    23 |    82 |    20 ||   125
       Ring mail         |       |       |    41 ||    41
Dodge: Dodged            |    83 |   261 |   132 ||   476

Table legend:
 A = Non-vault XP
 B = Vault XP
 C = Vault XP percentage of total XP
 D = Non-vault monster count
 E = Vault monster count
 F = Vault count percentage of total count
                 A         B        C        D         E       F
            +---------+---------+-------+---------+---------+-------
      Total |    1488 |     157 |   9.5 |     114 |      12 |   9.5
            +---------+---------+-------+---------+---------+-------
        D:1 |      37 |       0 |   0.0 |      21 |       0 |   0.0
        D:2 |     107 |       0 |   0.0 |      33 |       0 |   0.0
        D:3 |      81 |       0 |   0.0 |      24 |       0 |   0.0
        D:4 |      36 |      17 |  32.1 |       9 |       6 |  40.0
        D:5 |    1136 |       0 |   0.0 |      25 |       0 |   0.0
        D:6 |      91 |       0 |   0.0 |       2 |       0 |   0.0
      Sewer |       0 |     140 | 100.0 |       0 |       6 | 100.0
            +---------+---------+-------+---------+---------+-------
